 Dungeon Crawl Stone Soup version 0.26-a0-651-gb41185065b (webtiles) character file.

Game seed: 2252473054307790665

(classic levelgen) 902 EnegeticOcto the Cleaver (level 7, -19/61 HPs)
             Began as a Deep Dwarf Fighter on Oct 22, 2020.
             Was an Initiate of Ru.
             Demolished by an orc warrior
             ... wielding a +0 battleaxe
              (23 damage)
             ... on level 6 of the Dungeon.
             The game lasted 00:05:06 (772 turns).

EnegeticOcto the Cleaver (Deep Dwarf Fighter)        Turns: 772, Time: 00:05:06

Health: -19/61     AC:  3    Str: 26    XL:     7   Next: 80%
Magic:  6/6        EV:  4    Int:  8    God:    Ru [......]
Gold:   192        SH: 10    Dex: 18    Spells: 6/6 levels left

rFire    . . .     SeeInvis .   a - +0 war axe
rCold    + . .     Faith    .   c - +0 kite shield
rNeg     . . .     Spirit   .   h - +0 plate armour
rPois    .         Reflect  .   (no helmet)
rElec    .         Harm     .   (no cloak)
rCorr    .         Rampage  .   (no gloves)
MR       +....                  (no boots)
Stlth    ..........             (no amulet)
HPRegen  0.00/turn              k - ring of Meushriu {+Fly rC+ Str+4}
MPRegen  0.10/turn              m - +6 ring of dexterity

@: corroded, non-regenerating
A: damage resistance, heal wounds, sense surroundings 1, no regeneration
a: Heal Wounds, Renounce Religion, Evoke Flight


You were on level 6 of the Dungeon.
You worshipped Ru.
Ru was noncommittal.
You visited 2 branches of the dungeon, and saw 8 of its levels.

You collected 192 gold pieces.

Inventory:

Hand Weapons
 a - a +0 war axe (weapon)
Armour
 b - a +0 scale mail
 c - a +0 kite shield (worn)
 h - a +0 plate armour (worn)
Jewellery
 k - the ring of Meushriu (left hand) {+Fly rC+ Str+4}
   (You acquired it on level 5 of the Dungeon)

   [ring of flight]

   It affects your strength (+4).
   It protects you from cold.
   It lets you fly.
 m - a +6 ring of dexterity (right hand)
Wands
 j - a wand of flame (13)
 n - a wand of paralysis (10)
Scrolls
 e - a scroll of magic mapping {unknown}
 f - a scroll of blinking {unknown}
 g - 2 scrolls of identify {unknown}
 l - a scroll of remove curse {unknown}
 o - a scroll of teleportation {@r3}
Potions
 d - a potion of might {@q3}
 i - a potion of curing {unknown}


   Skills:
 + Level 2.6 Fighting
 * Level 10.0 Axes
 - Level 3.2 Armour
 - Level 3.2 Shields
 + Level 0.0 Spellcasting
 + Level 0.0 Evocations


You had 6 spell levels left.
You didn't know any spells.
Your spell library was empty.

Dungeon Overview and Level Annotations

Branches:
Dungeon (7/15)             Temple (1/1) D:7

Altars:
Gozag
Kikubaaqudgha
Qazlal
Ru
Yredelemnul


Innate Abilities, Weirdness & Mutations

You are resistant to damage.
You can heal yourself by infusing magical energy.
You passively map a small area around you.
You do not regenerate.


Message History

The scorpion stings you but does no damage.
You slash the scorpion!
You kill the scorpion!
No target in view!
You now have 162 gold pieces (gained 13).
(D) Dungeon
Where to? (Enter - D:7, ? - help)
There is a stone staircase leading down here.
You climb downwards.
The adder bites you but does no damage. You block the adder's attack.
There is a stone staircase leading up here.
Your plate armour prevents you from hitting the adder.
The adder barely misses you.
You barely miss the adder. You block the adder's attack.
The adder bites you but does no damage.
You miss the adder. You block the adder's attack.
You slash the adder!
You kill the adder!
No target in view!
No target in view!
A leopard gecko comes into view.
The leopard gecko hisses angrily.
Found a scroll labeled ZAWKOX BELIRE.
Found a stone staircase leading up.
You are no longer poisoned.
Found a long sword and 12 gold pieces.
Found a staircase to the Ecumenical Temple.
An adder comes into view.
Found a leatherbound book and 18 gold pieces.
A worker ant comes into view.
The worker ant twitches its antennae in your direction.
You block the adder's attack.
You hit the adder.
The adder is lightly wounded.
The adder bites you.
You are poisoned.
The adder poisons you! You block the leopard gecko's attack.
The adder bites you but does no damage.
The worker ant waves its antennae.
You slash the adder!
You kill the adder!
You slash the leopard gecko!
You kill the leopard gecko!
You see here a scroll labeled ZAWKOX BELIRE.
You slash the worker ant!
The worker ant is almost dead.
You block the worker ant's attack. The worker ant barely misses you.
You barely miss the worker ant.
The worker ant is almost dead.
The worker ant bites you but does no damage.
You hit the worker ant.
You kill the worker ant!
Your Axes skill increases to level 10!
No target in view!
No target in view!
g - 2 scrolls labeled ZAWKOX BELIRE (gained 1)
You now have 169 gold pieces (gained 7).
You now have 174 gold pieces (gained 5).
There is a staircase to the Ecumenical Temple here.
You now have 192 gold pieces (gained 18).
There is a staircase to the Ecumenical Temple here.
You climb downwards.
Welcome to the Ecumenical Temple!
There is a staircase back to the Dungeon here.
Found a stormy altar of Qazlal.
You are no longer poisoned.
Found a sacrificial altar of Ru.
Found a basalt altar of Yredelemnul and an opulent altar of Gozag.
There is a sacrificial altar of Ru here.
You kneel at the altar of Ru.
Ru welcomes you!
There is a staircase back to the Dungeon here.
You climb upwards.
Welcome back to the Dungeon!
There is a staircase to the Ecumenical Temple here.
There is a stone staircase leading up here.
You climb upwards.
The rust devil screeches!
The orc warrior shouts!
The rust devil screeches!
You block the rust devil's attack.
An orc warrior comes into view.
It is wielding a +1 scimitar of electrocution.
Found a glowing war axe, a halberd, a morningstar and a broad axe.
There is a stone staircase leading down here.
The orc warrior shouts!
The rust devil barely misses you.
You climb downwards.
There is a stone staircase leading up here.
Evoke which item? (* to show all) (? for menu, Esc to quit)
Aiming: Paralyse
Press: ? - help, Shift-Dir - straight line, f - rust devil
Aim: a rust devil (chance to defeat MR: 15%)
Okay, then.
Okay, then.
Okay, then.
The rust devil hits you. The rust devil corrodes you!
There is a stone staircase leading up here.
The rust devil hits you. The rust devil corrodes you!
You climb upwards.
The orc warrior hits you with a +1 scimitar of electrocution!!
You are electrocuted!!
* * * LOW HITPOINT WARNING * * *
The orc warrior hits you with a +0 battleaxe!!
You die...

#.################
,
#..............†<#
,
##.....##########
,
#...###...#######.
* .. *#
###..#...... +
**)#'#)##.#....[.
♣4....♣#........ *
,
##o......##.......
,#@o..8...
#......# ,
##4......##......#
* ♣.....♣#.......#
)#'#)##.##'#### ,
*# # #..*#.# ,
...# #.# * ..##*
#.# *, ### #.# *
#.#


You could see 2 rust devils and 2 orc warriors.

Vanquished Creatures
  An ice beast (D:5)
  A sky beast (D:5)
  An ogre (D:6)
  2 centaurs (D:5)
  2 bullfrogs (D:6)
  2 scorpions (D:6)
  A bullfrog skeleton (D:5)
  A hound (D:2)
  An orc priest (D:5)
  2 orc wizards (D:5)
  2 worker ants
  3 adders
  A white imp (D:5)
  An ufetubus (D:5)
  2 dart slugs (D:1)
  2 leopard geckos
  2 orcs (D:5)
  2 giant cockroaches
  A goblin (D:1)
  2 hobgoblins (D:1)
  2 jackals (D:1)
  A kobold (D:3)
  A quokka (D:6)
  2 frilled lizards
38 creatures vanquished.

Notes
Turn   | Place    | Note
-------+----------+-------------------------------------------
     0 | D:1      | EnegeticOcto the Deep Dwarf Fighter began the quest for the
                  | Orb.
     0 | D:1      | Reached XP level 1. HP: 20/20 MP: 1/1
    76 | D:1      | Reached skill level 3 in Axes
   128 | D:1      | Reached XP level 2. HP: 25/27 MP: 2/2
   160 | D:2      | Reached skill level 4 in Axes
   160 | D:2      | Reached XP level 3. HP: 28/33 MP: 3/3
   251 | D:5      | Entered Level 5 of the Dungeon
   258 | D:5      | Noticed a centaur
   270 | D:5      | Killed a centaur
   270 | D:5      | Reached skill level 5 in Axes
   270 | D:5      | Reached XP level 4. HP: 38/40 MP: 3/3
   270 | D:5      | Reached XP level 5. HP: 44/46 MP: 4/4
   271 | D:5      | Reached skill level 6 in Axes
   304 | D:5      | Noticed a centaur
   313 | D:5      | Killed a centaur
   313 | D:5      | Reached skill level 7 in Axes
   313 | D:5      | Reached XP level 6. HP: 32/55 MP: 5/5
   334 | D:5      | Noticed an ice beast
   348 | D:5      | Killed an ice beast
   368 | D:5      | Reached skill level 8 in Axes
   382 | D:5      | Noticed a sky beast
   387 | D:5      | Killed a sky beast
   387 | D:5      | Reached XP level 7. HP: 40/61 MP: 6/6
   445 | D:5      | Identified a scroll of acquirement
   445 | D:5      | Acquired the ring of Meushriu {+Fly rC+ Str+4}
   447 | D:5      | shit acq
   520 | D:6      | Reached skill level 9 in Axes
   668 | D:6      | Found an ancient bone altar of Kikubaaqudgha.
   712 | D:7      | Found a staircase to the Ecumenical Temple.
   721 | D:7      | Reached skill level 10 in Axes
   733 | Temple   | Entered the Ecumenical Temple
   746 | Temple   | Became a worshipper of Ru the Awakened
   764 | D:6      | Noticed a rust devil
   764 | D:6      | Noticed a rust devil
   772 | D:6      | Demolished by an orc warrior

Illustrated notes

, * ** * *
, , , * *,
, ##### *
*
#.@.####.#
#.....W..#
, ,
#...######
##.## *
#.# #.# *
, #.# *
#.# **,
#.# ,


Turn 447 on D:5: shit acq

Levels and vault maps discovered:
D:1:      dpeg_chamrin_arrival_tetris, layout_basic
D:2:      layout_loops_ring
D:3:      layout_loops_corners, overflow_temple_1_default, uniq_natasha
D:4:      wander_river, layout_basic, kennysheep_little_box
D:5:      layout_loops_ring, uniq_duvessa
D:6:      cheibrodos_iron_armory, layout_basic, kiku_gazebo_pond_becter,
          uniq_crazy_yiuf_cottage
D:7:      layout_basic, lemuel_crystal_altar, minmay_temple_entry_offerings,
          kennysheep_decorative_pillar, hangedman_abyss_or_decor_stabs,
          minmay_parallelograms
Temple:   regret_index_temple_sphere_string

Skill      XL: |  1  2  3  4  5  6  7 |
---------------+----------------------+-----
Axes           | 3 4 5 7 8 10 | 10.0
Fighting       | |  2.6
Armour         | |  3.2
Shields        | |  3.2

Action                   |  1- 3 |  4- 6 |  7- 9 || total
-------------------------+-------+-------+-------++-------
Melee: War axe           |    26 |    38 |    57 ||   121
 Abil: Heal Wounds       |     1 |     1 |     1 ||     3
  Use: Scroll            |       |       |     3 ||     3
Armor: Scale mail        |    11 |       |       ||    11
       Plate armour      |    11 |    27 |    37 ||    75
Dodge: Dodged            |     8 |     8 |     8 ||    24
Block: Kite shield       |    16 |    17 |    41 ||    74

Table legend: (Time is in decaauts)
 A = Elapsed time spent in this place.
 B = Non-inter-level travel time spent in this place.
 C = Inter-level travel time spent in this place.
 D = Time resting spent in this place.
 E = Time spent auto-exploring this place.
 F = Levels seen in this place.
 G = Mean time per level.
                   A        B        C        D        E       F      G
               +--------+--------+--------+--------+--------+-----+--------+
         Total |    806 |    800 |      6 |      0 |      0 |   8 |  100.8 |
       Dungeon |    780 |    774 |      6 |      0 |      0 |   7 |  111.4 |
        Temple |     26 |     26 |      0 |      0 |      0 |   1 |   26.0 |
               +--------+--------+--------+--------+--------+-----+--------+

Top non-repeatable levels by time:
     D:5: 261 daAuts
     D:6: 214 daAuts
     D:1: 156 daAuts
     D:7: 46 daAuts
     D:3: 40 daAuts
     D:4: 39 daAuts
  Temple: 26 daAuts
     D:2: 21 daAuts
